 Dungeon Crawl Stone Soup version 0.30-a0-305-g026cb31310 (webtiles) character file.

Game seed: 3027684243528720988

906 McGhostyFace the Poker (level 8, -4/63 HPs)
             Began as a Gnoll Reaver on Oct 22, 2022.
             Was an Initiate of Ashenzari.
             Slain by a gnoll bouda
             ... wielding a +0 whip
              (11 damage)
             ... on level 5 of the Dungeon.
             The game lasted 00:12:03 (5237 turns).

McGhostyFace the Poker (Gnoll Reaver)               Turns: 5237, Time: 00:12:03

Health: -4/63      AC:  5    Str: 11    XL:     8   Next: 8%
Magic:  7/16       EV: 13    Int: 16    God:    Ashenzari [......]
Gold:   255        SH:  0    Dex: 12    Spells: 8/18 levels left

rFire   . . .      SeeInvis .    y - +0 glaive
rCold   . . .      Faith    .    (shield currently unavailable)
rNeg    . . .      Spirit   .    b - +0 leather armour
rPois   .          Reflect  .    D - +0 helmet of Viyg {Dex+2}
rElec   .          Harm     .    (no cloak)
rCorr   +          Rampage  .    J - +0 pair of gloves "Axkod" {rCorr}
Will    .....                    (no boots)
Stlth   ++........               (no amulet)
HPRegen 0.30/turn                e - ring of flight
MPRegen 0.15/turn                f - ring of resist corrosion

@: weakened, flying
A: fangs 1, strong nose, distributed training
a: Renounce Religion, Curse Item


You were on level 5 of the Dungeon.
You worshipped Ashenzari.
Ashenzari was noncommittal.
You visited 1 branch of the dungeon, and saw 7 of its levels.

You collected 255 gold pieces.

Inventory:

Hand Weapons
 a - a +0 spear
 g - a +1 dagger of pain
 y - a +0 glaive (weapon)
 z - a +1 vorpal sling
Missiles
 s - 5 poisoned darts
 A - 9 stones
 E - 5 javelins (quivered)
Armour
 b - a +0 leather armour (worn)
 o - a +0 helmet
 C - a +0 pair of gloves
 D - the +0 helmet of Viyg (worn) {Dex+2}
   (You took it off Robin on level 4 of the Dungeon)

   Dex:       It affects your dexterity (+2).
 J - the +0 pair of gloves "Axkod" (worn) {rCorr}
   (You found it on level 5 of the Dungeon)

   rCorr:     It protects you from acid and corrosion.
Jewellery
 e - a ring of flight (left hand)
 f - a ring of resist corrosion (right hand)
Wands
 t - a wand of acid (11)
 x - a wand of flame (17)
 G - a wand of charming (9)
Scrolls
 j - 5 scrolls of fog {unknown}
 k - a scroll of enchant armour {unknown}
 m - a scroll of enchant weapon {unknown}
 n - 2 scrolls of silence {unknown}
 q - a scroll of fear {unknown}
 u - a scroll of noise {unknown}
 v - 2 scrolls of teleportation {unknown}
 w - a scroll of immolation {unknown}
 F - 3 scrolls of identify {unknown}
 K - a scroll of magic mapping {unknown}
 O - a scroll of torment {unknown}
Potions
 c - 3 potions of might
 d - a potion of curing
 h - 2 potions of heal wounds {unknown}
 i - 2 potions of magic {unknown}
 l - a potion of degeneration {unknown}
 p - a potion of resistance {unknown}
 r - a potion of invisibility {unknown}
 B - 2 potions of attraction {unknown}
 H - a potion of ambrosia {unknown}
 I - a potion of berserk rage {unknown}
 L - a potion of brilliance
 M - a potion of flight {unknown}
 N - 2 potions of mutation {unknown}


   Skills:
 + Level 5.5 Fighting
 + Level 3.0 Short Blades
 + Level 3.0 Long Blades
 + Level 3.0 Axes
 + Level 3.0 Maces & Flails
 + Level 7.3 Polearms
 + Level 3.0 Staves
 + Level 3.0 Ranged Weapons
 + Level 3.0 Throwing
 + Level 3.0 Armour
 + Level 5.5 Dodging
 + Level 3.0 Stealth
 + Level 3.0 Shields
 + Level 3.0 Unarmed Combat
 + Level 5.9 Spellcasting
 + Level 6.0 Conjurations
 + Level 2.4 Hexes
 + Level 2.4 Summonings
 + Level 2.4 Necromancy
 + Level 2.4 Translocations
 + Level 2.4 Transmutations
 + Level 2.4 Fire Magic
 + Level 2.4 Ice Magic
 + Level 2.4 Air Magic
 + Level 2.4 Earth Magic
 + Level 2.4 Poison Magic
 + Level 3.3 Invocations
 + Level 3.0 Evocations


You had 8 spell levels left.
You knew the following spells:

 Your Spells              Type           Power      Damage    Failure   Level
a - Kiss of Death         Conj/Necr      72%        2d10      3%          1
b - Momentum Strike       Conj/Tloc      36%        3d9       4%          2
c - Hailstorm             Conj/Ice       18%        3d6       9%          3
d - Dispel Undead         Necr           12%        3d9       54%         4

Your spell library contained the following spells:

 Spells                   Type           Power      Damage    Failure   Level
 Confusing Touch          Hex            12%        N/A       19%         3


Dungeon Overview and Level Annotations

Branches:
Dungeon (7/15)             Temple (0/1) D:5

Altars:
Ashenzari
Elyvilon
Trog
Vehumet

Shops:
D:5 :

Annotations:
D:5 Lobster4's ghost, novice HuWn


Innate Abilities, Weirdness & Mutations

You have very sharp teeth.
Your uncanny sense of smell can sniff out nearby items.
Your experience applies equally to all skills.


Message History

Press: ? - help, Dir - move target, f/p - gnoll bouda
Aim: a gnoll bouda, wielding a +0 club and wearing a +0 robe (about 40% to evade your +0 glaive)
You slash the gnoll bouda!
The gnoll bouda is heavily wounded.
The gnoll bouda hits you with a +0 club.
* * * LOW HITPOINT WARNING * * *
Casting: Momentum Strike (safe; 4% risk of failure)
Confirm with . or Enter, or press ? or * to list all spells.
Aiming: Momentum Strike (safe; 4% risk of failure)
Press: ? - help, Dir - move target, f/p - gnoll bouda
Aim: a gnoll bouda, wielding a +0 club and wearing a +0 robe (heavily wounded, 75% to hit)
The concentrated momentum hits the gnoll bouda!
The gnoll bouda dies!
You are unable to move.
You start resting.
There are monsters nearby!
There are monsters nearby!
You are no longer robbed of momentum.
You start resting.
A gnoll is nearby!
You fly upwards.
Level annotation: Lobster4's ghost, novice HuWn Something hits you!
* * * LOW HITPOINT WARNING * * *
Deactivating autopickup; reactivate with Ctrl-A.
Something hits you but does no damage. Something hits you.
* * * LOW HITPOINT WARNING * * *
There is a stone staircase leading down, spattered with blood here.
You feel better.
You feel a little less mighty now. Something hits you.
* * * LOW HITPOINT WARNING * * *
Something hits you.
* * * LOW HITPOINT WARNING * * *
The gnoll bouda misses you. Something hits you but does no damage.
Lobster4's ghost misses you.
The gnoll bouda gazes fiercely through you!
You feel your attacks grow feeble.
The gnoll bouda hits you with a +0 whip!
You die...

###.#.≈≈≈.##### ###.###......#
......≈≈~.≈≈≈≈### ####.# #....#..
#####~~≈≈~≈≈≈≈≈≈# #..#.###.......
##...~~≈≈≈~≈≈≈### #..#...........
##.##...≈~≈≈≈## ####.##.##..#####
......##~########.......##..#....
#..####### #.##..#.##.....#....
#.## #.>gW...##.##..'.... #.#
########@.......##..'.... #.#
#.....##..#####.##.W')... #.#
#.....##..# #.#...#.... #.#
#.........# #.g.g.#.... #.#
#.....##..# ##.#...##### #.#
#.....##..####~.##....... #.#
#########....♣~~##....... #.####
####~~P~~##...... .....#
#♣~~~~#..#....


You could see a gnoll bouda and Lobster4's ghost.

Vanquished Creatures
  2 water moccasins (D:5)
  2 ice beasts (D:5)
  A black bear (D:5)
  A phantom (D:6)
  Blork the orc (D:4)
  2 scorpions
  2 hounds
  4 jellies
  Natasha (D:2)
  An iguana (D:5)
  Robin (D:4)
  5 adders
  An ufetubus (D:6)
  A worm (D:2)
  4 dart slugs (D:3)
  6 orcs
  5 bats
  6 endoplasms
  7 giant cockroaches
  13 goblins
  8 hobgoblins
  2 jackals (D:4)
  3 kobolds (D:2)
  7 quokkas
  5 ball pythons
  3 frilled lizards
  3 rats
97 creatures vanquished.

Vanquished Creatures (others)
  A hound (D:6)
  A gnoll bouda (D:6)
  Natasha (D:2)
  A quokka (D:5)
  5 plants (D:5)
9 creatures vanquished.

Grand Total: 106 creatures vanquished

Notes
Turn   | Place    | Note
-------+----------+-------------------------------------------
     0 | D:1      | McGhostyFace the Gnoll Reaver began the quest for the Orb.
     0 | D:1      | Reached XP level 1. HP: 20/20 MP: 6/6
    54 | D:1      | Found a faded altar of an unknown god.
   116 | D:1      | Reached XP level 2. HP: 25/26 MP: 7/7
   689 | D:1      | Reached skill level 5 in Spellcasting
   689 | D:1      | Reached XP level 3. HP: 31/31 MP: 7/9
   894 | D:2      | Reached skill level 1 in Invocations
   977 | D:2      | Learned a level 2 spell: Momentum Strike
   981 | D:2      | Learned a level 3 spell: Hailstorm
  1393 | D:2      | Reached skill level 1 in Short Blades
  1393 | D:2      | Reached skill level 1 in Long Blades
  1393 | D:2      | Reached skill level 1 in Axes
  1393 | D:2      | Reached skill level 1 in Maces & Flails
  1393 | D:2      | Reached skill level 1 in Staves
  1393 | D:2      | Reached skill level 1 in Ranged Weapons
  1393 | D:2      | Reached skill level 1 in Throwing
  1393 | D:2      | Reached skill level 1 in Armour
  1393 | D:2      | Reached skill level 1 in Stealth
  1393 | D:2      | Reached skill level 1 in Shields
  1393 | D:2      | Reached skill level 1 in Unarmed Combat
  1393 | D:2      | Reached skill level 1 in Evocations
  1456 | D:2      | Noticed Natasha
  1463 | D:2      | Reached XP level 4. HP: 33/38 MP: 11/11
  1466 | D:2      | Killed Natasha
  1622 | D:2      | Noticed Natasha
  1651 | D:2      | Killed Natasha
  1878 | D:3      | Reached skill level 1 in Hexes
  1878 | D:3      | Reached skill level 1 in Summonings
  1878 | D:3      | Reached skill level 1 in Necromancy
  1878 | D:3      | Reached skill level 1 in Translocations
  1878 | D:3      | Reached skill level 1 in Transmutations
  1878 | D:3      | Reached skill level 1 in Fire Magic
  1878 | D:3      | Reached skill level 1 in Ice Magic
  1878 | D:3      | Reached skill level 1 in Air Magic
  1878 | D:3      | Reached skill level 1 in Earth Magic
  1878 | D:3      | Reached skill level 1 in Poison Magic
  2321 | D:3      | Found a radiant altar of Vehumet.
  2421 | D:3      | Reached XP level 5. HP: 43/43 MP: 12/12
  2721 | D:4      | Found a broken altar of Ashenzari.
  2721 | D:4      | You are sucked into a shaft and drop 3 floors!
  2738 | D:6      | Noticed a water moccasin
  2744 | D:5      | Entered Level 5 of the Dungeon
  2749 | D:5      | Killed a water moccasin
  2753 | D:5      | Reached XP level 6. HP: 44/49 MP: 7/13
  2835 | D:4      | Reached skill level 5 in Fighting
  2835 | D:4      | Reached skill level 5 in Dodging
  2892 | D:4      | Noticed Blork the orc
  2911 | D:4      | Killed Blork the orc
  3132 | D:4      | Found a bloodstained altar of Trog.
  3198 | D:4      | Became a worshipper of Ashenzari the Shackled
  3386 | D:4      | Identified the +0 helmet of Viyg {Dex+2}
  3386 | D:4      | Noticed Robin
  3393 | D:4      | Killed Robin
  4123 | D:5      | Noticed Lobster4's ghost (novice HuWn)
  4130 | D:5      | Identified the +0 pair of gloves "Axkod" {rCorr}
  4158 | D:5      | Found Afiuntiw's Book Boutique.
  4158 | D:5      | Found a staircase to the Ecumenical Temple.
  4158 | D:5      | Noticed a water moccasin
  4172 | D:5      | Killed a water moccasin
  4173 | D:5      | Reached XP level 7. HP: 31/56 MP: 15/15
  4273 | D:5      | Reached skill level 7 in Polearms
  4364 | D:5      | Found a runed translucent gate.
  4364 | D:5      | Found a runed translucent gate.
  4403 | D:5      | Found a runed translucent gate.
  4721 | D:5      | Found a white marble altar of Elyvilon.
  5171 | D:5      | Learned a level 4 spell: Dispel Undead
  5203 | D:6      | Reached XP level 8. HP: 11/63 MP: 5/16
  5207 | D:6      | HP: 2/63 [orc/+0 club (3)]
  5235 | D:5      | HP: 3/63 [something (2)]
  5237 | D:5      | Slain by a gnoll bouda

Illustrated notes

Levels and vault maps discovered:
D:1:      dpeg_arrival_pits, layout_basic, hellmonk_ecumenical_altar_lost_god,
          kennysheep_small_spiral, minmay_worlds_worst_comb
D:2:      layout_loops_ring, kennysheep_potato, uniq_natasha
D:3:      layout_basic, nicolae_vehumet_radiance, chequers_serial_rivers_micro_e
D:4:      layout_basic, evilmike_ruin_ashenzari,
          mainiacjoe_overflow_tiny_flanked, kennysheep_boxes, uniq_robin,
          uniq_blork_the_orc
D:5:      layout_loops_cross, elyvilon_altar_4, temple_fountains,
          gammafunk_ghost_split, serial_shops, shop_statue, serial_bayou_ford_a,
          chequers_serial_rivers_large_a
D:6:      layout_rooms, mainiacjoe_overflow_cross_hatched,
          mainiacjoe_overflow_six_doors_small, serial_shops, shop_scrolls,
          uniq_sigmund
D:7:      layout_cave_pods, nicolae_ru_awakened_eye, eino_curves_02,
          nicolae_shop_self_help

Skill      XL: |  1  2  3  4  5  6  7 |
---------------+----------------------+-----
Spellcasting   | 5 |  5.9
Invocations    | 1 2 3 |  3.3
Short Blades   | 1 2 3 |  3.0
Long Blades    | 1 2 3 |  3.0
Axes           | 1 2 3 |  3.0
Maces & Flails | 1 2 3 |  3.0
Staves         | 1 2 3 |  3.0
Ranged Weapons | 1 2 3 |  3.0
Throwing       | 1 2 3 |  3.0
Armour         | 1 2 3 |  3.0
Stealth        | 1 2 3 |  3.0
Shields        | 1 2 3 |  3.0
Unarmed Combat | 1 2 3 |  3.0
Evocations     | 1 2 3 |  3.0
Hexes          | 1 2 |  2.4
Summonings     | 1 2 |  2.4
Necromancy     | 1 2 |  2.4
Translocations | 1 2 |  2.4
Transmutations | 1 2 |  2.4
Fire Magic     | 1 2 |  2.4
Ice Magic      | 1 2 |  2.4
Air Magic      | 1 2 |  2.4
Earth Magic    | 1 2 |  2.4
Poison Magic   | 1 2 |  2.4
Fighting       | 5 |  5.5
Dodging        | 5 |  5.5
Polearms       | 7 |  7.3
Conjurations   | 6 |  6.0

Action                   |  1- 3 |  4- 6 |  7- 9 || total
-------------------------+-------+-------+-------++-------
Melee: Spear             |   166 |   128 |       ||   294
       Bite              |    13 |    17 |     2 ||    32
       Glaive            |       |    33 |    54 ||    87
Throw: Javelin           |       |     5 |     3 ||     8
       Dart              |       |     1 |     5 ||     6
       Stone             |       |       |     3 ||     3
 Cast: Momentum Strike   |       |     8 |     5 ||    13
       Kiss of Death     |       |     1 |       ||     1
       Hailstorm         |       |     2 |     4 ||     6
  Use: Potion            |       |     2 |     5 ||     7
 Stab: Sleeping          |       |     3 |     2 ||     5
Armor: Leather armour    |    41 |    32 |    37 ||   110
Dodge: Dodged            |    96 |    83 |    69 ||   248

Table legend: (Time is in decaauts)
 A = Elapsed time spent in this place.
 B = Non-inter-level travel time spent in this place.
 C = Inter-level travel time spent in this place.
 D = Time resting spent in this place.
 E = Time spent auto-exploring this place.
 F = Levels seen in this place.
 G = Mean time per level.
                   A        B        C        D        E       F      G
               +--------+--------+--------+--------+--------+-----+--------+
         Total |   5209 |   5124 |     85 |   1052 |   3018 |   7 |  744.1 |
       Dungeon |   5209 |   5124 |     85 |   1052 |   3018 |   7 |  744.1 |
               +--------+--------+--------+--------+--------+-----+--------+

Top non-repeatable levels by time:
     D:4: 1289 daAuts
     D:5: 1193 daAuts
     D:3: 965 daAuts
     D:2: 875 daAuts
     D:1: 820 daAuts
     D:6: 56 daAuts
     D:7: 8 daAuts
